Map: [ESL] Moondance

Players

herO

  • Race: Protoss Protoss
  • Spawn Location: 12:00

LiquidClem (Clem) - Winner!

  • Race: Terran Terran
  • League: Master
  • Spawn Location: 6:00

VOD

Have the link to the VOD?

Description

Time

  • Played on: Nov. 5, 2022, 9:18 a.m.
  • Length: 7:29
Show
View Real Time Build Order
Export as new Build Order

herO Protoss 

Build Orders: 1 Gate Expand, Blink Stalkers 

Get SALT Encoding   

  12  0:00  Probe  
  13  0:12  Probe  
  14  0:17  Pylon  
  14  0:24  Probe  
  15  0:35  Gateway  
  15  0:36  Probe (Chrono Boost)  
  15  0:41  Assimilator  
  16  0:48  Probe (Chrono Boost)  
  17  0:53  Probe (Chrono Boost)  
  18  1:03  Probe  
  19  1:15  Probe  
  20  1:22  Cybernetics Core  
  20  1:33  Nexus  
  20  1:37  Pylon  
  20  1:41  Assimilator  
  20  1:44  Probe  
  21  1:56  Adept (Chrono Boost), Probe  
  21  1:59  Warp Gate  
  24  2:08  Probe  
  25  2:11  Twilight Council  
  25  2:19  Stalker  
  27  2:23  Probe  
  28  2:35  Probe  
  29  2:40  Blink (Chrono Boost)  
  29  2:45  Gateway  
  29  2:51  Probe x2  
  31  2:58  Stalker  
  31  3:03  Probe  
  31  3:05  Probe  
  35  3:18  Probe x2  
  35  3:19  Robotics Facility  
  37  3:25  Shield Battery  
  35  3:29  Shield Battery  
  35  3:35  Gateway  
  35  3:46  Stalker x2  
  39  3:51  Pylon  
  39  3:52  Probe  
  39  3:55  Probe  
  41  4:06  Warp Prism (Chrono Boost)  
  43  4:14  Stalker x2  
  47  4:23  Probe, Gateway  
  48  4:25  Probe  
  48  4:30  Pylon  
  49  4:34  Observer (Chrono Boost)  
  50  4:47  Stalker x3  
  50  4:50  Pylon  
  54  5:15  Stalker x3  
  54  5:18  Stalker  
  62  5:23  Nexus  
  62  5:25  Probe x2  
  64  5:38  Probe x2  
  58  5:54  Stalker x4  
  58  5:55  Probe x2  
  58  5:56  Assimilator  
  66  5:57  Pylon  
  58  6:07  Probe  
  58  6:08  Probe  
  54  6:14  Observer, Warp Prism (Chrono Boost)  
  56  6:22  Probe x2  
  50  6:28  Gateway  
  50  6:29  Gateway  
  50  6:31  Dark Shrine  
  50  6:34  Shield Battery  
  50  6:39  Stalker  
  52  6:40  Stalker  
  52  6:42  Stalker  
  52  6:43  Shield Battery  
  52  6:46  Stalker  
  58  6:50  Shield Battery  
  58  6:54  Immortal (Chrono Boost)  
Show
View Real Time Build Order
Export as new Build Order

LiquidClem Terran - Winner!

Build Orders: Cyclone Opening 

Get SALT Encoding   

  12  0:01  SCV  
  13  0:13  SCV  
  14  0:16  Supply Depot  
  14  0:25  SCV  
  14  0:28  Refinery  
  15  0:38  SCV  
  16  0:44  Barracks  
  16  0:50  SCV  
  17  1:02  SCV  
  18  1:12  Engineering Bay  
  18  1:14  SCV  
  19  1:31  Marine, Orbital Command  
  20  1:35  Factory  
  20  1:41  Supply Depot  
  20  1:50  Barracks Reactor  
  20  1:57  SCV  
  21  2:10  SCV  
  22  2:19  Factory Tech Lab  
  22  2:20  Command Center  
  22  2:25  Marine x2  
  22  2:27  SCV  
  25  2:37  Cyclone  
  25  2:39  Supply Depot  
  25  2:43  Marine  
  29  2:45  Marine  
  29  2:47  SCV  
  31  2:54  Barracks  
  31  3:01  SCV  
  31  3:02  Marine x2  
  34  3:11  Cyclone  
  37  3:13  SCV  
  38  3:20  Marine  
  39  3:28  Refinery  
  39  3:31  SCV, Marine  
  39  3:33  Barracks  
  41  3:38  Marine  
  42  3:43  SCV, Barracks Tech Lab  
  43  3:54  Marine  
  43  3:55  SCV, Orbital Command  
  44  3:57  Marine  
  44  4:02  Siege Tank  
  48  4:04  Marine  
  48  4:08  SCV  
  49  4:12  Marine  
  49  4:15  Marine  
  49  4:16  Supply Depot  
  50  4:20  SCV  
  50  4:21  SCV  
  51  4:26  Marine  
  52  4:32  SCV, Barracks Tech Lab  
  52  4:35  SCV  
  52  4:37  Marine x2  
  56  4:44  SCV  
  57  4:47  Supply Depot, SCV  
  57  4:49  Refinery, Combat Shield  
  57  4:51  Marauder  
  60  4:56  Marauder  
  62  5:03  Supply Depot  
  62  5:05  SCV x2, Marine  
  62  5:08  Marine  
  62  5:14  Siege Tank  
  62  5:17  SCV x2  
  62  5:21  Supply Depot, Marauder  
  69  5:25  Marine  
  69  5:28  Marauder  
  72  5:29  SCV x2  
  72  5:34  Marine  
  75  5:41  SCV x2  
  76  5:44  Marine  
  76  5:49  Marauder  
  73  5:53  SCV x2, Barracks Tech Lab  
  73  5:55  Barracks Tech Lab, Siege Tank  
  73  5:56  Marine  
  75  6:05  Marine  
  75  6:06  SCV  
  75  6:08  Supply Depot  
  77  6:12  SCV, Marauder  
  77  6:15  Marauder  
  77  6:16  Marine  
  82  6:19  SCV  
  80  6:27  Supply Depot, SCV  
  80  6:29  Refinery, Siege Tank  
  80  6:31  Marine  
  80  6:32  SCV  
  86  6:33  Marauder  
  86  6:34  Starport  
  86  6:39  Engineering Bay  
  88  6:40  SCV  
  88  6:44  SCV, Marauder  
  92  6:47  Supply Depot  
  92  6:49  Marine  
  92  6:50  Marine  
  94  6:55  Marauder  
  95  7:01  Supply Depot  
  95  7:05  Marauder  
  95  7:07  Marine  
  95  7:08  Marine  
  98  7:13  Starport Reactor  
Tags
 
Add a new tag
Caveats
  • Supply blocks, unpowered buildings, or Contaminate may cause inaccurate times.
  • Supply counts are checked every 10 seconds.